 Dungeon Crawl Stone Soup version 0.29.0-10-g45618ea6d2 (webtiles) character file.

Game seed: 15961881031809229557

32 Flugkiller the Trooper (level 3, 17/33 HPs)
             Began as a Minotaur Fighter on Sept 1, 2022.
             Was an Initiate of Ashenzari.
             Quit the game on level 1 of the Dungeon.
             The game lasted 00:00:25 (907 turns).

Flugkiller the Trooper (Minotaur Fighter)            Turns: 907, Time: 00:00:25

Health: 17/33      AC:  7    Str: 20    XL:     3   Next: 8%
Magic:  2/2        EV:  9    Int:  5    God:    Ashenzari [......]
Gold:   49         SH:  4    Dex: 11    Spells: 2/2 levels left

rFire   . . .      SeeInvis .   a - +0 war axe
rCold   . . .      Faith    .   c - +0 buckler
rNeg    . . .      Spirit   .   b - +0 scale mail
rPois   .          Reflect  .   (helmet restricted)
rElec   .          Harm     .   (no cloak)
rCorr   .          Rampage  .   (no gloves)
Will    .....                   (no boots)
Stlth   ..........              (no amulet)
HPRegen 0.11/turn               (no ring)
MPRegen 0.08/turn               (no ring)

@: no status effects
A: horns 2, retaliatory headbutt
a: Renounce Religion


You were on level 1 of the Dungeon.
You worshipped Ashenzari.
Ashenzari was noncommittal.
You visited 1 branch of the dungeon, and saw 2 of its levels.

You collected 49 gold pieces.

Inventory:

Hand Weapons
 a - a +0 war axe (weapon)
Armour
 b - a +0 scale mail (worn)
 c - a +0 buckler (worn)
Jewellery
 i - a ring of see invisible
   (You found it on level 1 of the Dungeon)
Scrolls
 g - a scroll of enchant armour {unknown}
 h - a scroll of teleportation {unknown}
Potions
 d - a potion of might
 e - a potion of brilliance {unknown}
 f - 2 potions of curing {unknown}
 j - a potion of ambrosia {unknown}


   Skills:
 + Level 4.0 Fighting
 * Level 3.5 Axes
 + Level 4.0 Armour
 - Level 3.6 Shields


You had 2 spell levels left.
You didn't know any spells.
Your spell library was empty.

Dungeon Overview and Level Annotations

Branches:
Dungeon (2/15)

Altars:
Ashenzari


Innate Abilities, Weirdness & Mutations

You have a pair of horns on your head.
You reflexively headbutt those who attack you in melee.


Message History

The jackal barks!
The jackal moves out of view.
A jackal comes into view.
Found a faded altar of an unknown god.
There are monsters nearby!
You closely miss the jackal. Your headbutt misses the jackal.
The jackal bites you but does no damage.
You closely miss the jackal. x2; The jackal bites you.
You block the jackal's attack. x2
You closely miss the jackal. Your headbutt misses the jackal.
You closely miss the jackal. You block the jackal's attack. x2
The jackal closely misses you. The jackal bites you.
You barely miss the jackal. You hit the jackal. The jackal bites you. x2
The jackal completely misses you. The jackal barely misses you.
You slash the jackal!
You kill the jackal!
You closely miss the jackal.
The jackal bites you but does no damage.
The jackal closely misses you.
You closely miss the jackal. Your headbutt misses the jackal.
The jackal barely misses you. You block the jackal's attack.
You barely miss the jackal. Your headbutt misses the jackal.
You block the jackal's attack. x2
You slash the jackal!
You kill the jackal!
Your Fighting skill increases to level 4!
No target in view!
You see here a jackal corpse.
You see here a jackal corpse.
Done exploring.
Done exploring.
Done exploring.
No target in view!
(D) Dungeon
Where to? (? - help)
You see here a jackal corpse.
There is a stone staircase leading down here.
You climb downwards.
The adder hisses angrily.
Found a leather armour.
There is a stone staircase leading up here.
An adder is nearby!
Unknown command.
An adder is nearby!
An adder is nearby!
An adder is nearby!
You miss the adder. The adder bites you but does no damage.
The adder misses you.
You closely miss the adder. The adder closely misses you.
You miss the adder.
You headbutt the adder, but do no damage.
The adder closely misses you. You block the adder's attack.
You barely miss the adder. Your headbutt misses the adder.
The adder bites you but does no damage. The adder closely misses you.
You barely miss the adder. The adder bites you. The adder barely misses you.
You hit the adder but do no damage.
A quokka comes into view.
The adder bites you.
You are poisoned.
The adder poisons you! The adder bites you but does no damage.
There are monsters nearby!
There are monsters nearby!
There are monsters nearby!
You slash the adder!
The adder is almost dead.
You feel sick.
The adder bites you but does no damage. x2
You barely miss the adder. Your headbutt misses the adder.
The adder is almost dead.
You feel sick. The adder closely misses you. The adder bites you.
You are more poisoned.
The adder poisons you!
You slash the adder!
You kill the adder!
You feel very sick.
Your Armour skill increases to level 4!
You have reached level 3!
Your experience leads to an increase in your attributes!
Increase (s)trength, (i)ntelligence, or (d)exterity?
You feel agile. x2
You hit the quokka. Your headbutt misses the quokka.
The quokka is severely wounded.
You feel sick. The quokka bites you. The quokka closely misses you.
You hit the quokka.
You kill the quokka!
You feel sick.
You feel sick.
There is a stone staircase leading up here.
You feel sick.
You climb upwards.
You feel sick.
You are no longer poisoned.
There is a stone staircase leading down here.
You see here a jackal corpse.
There is a fountain of clear blue water here.
There is a faded altar of an unknown god here.
There is a faded altar of an unknown god here.
You cannot tell which god this altar belongs to.
Convert to them anyway?
Ashenzari accepts your prayer! Ashenzari welcomes you!
Ashenzari warns you of distant threats and treasures.
Ashenzari reveals the structure of the dungeon to you.
Ashenzari shows you where magical portals lie.
Are you sure you want to abandon this character and quit the game? (Confirm with "yes".)

#####.###############.##....
#.................######
#..################ #..#
#..######### #..#.......##
#..#.8.⌠.8..# #.††........#
#..#.⌠.@.⌠..#
###..#........#
#......8.⌠.8..#
#.#.##........#
#.########..#.#
#.............#
#############.# ###


There were no monsters in sight!

Vanquished Creatures
  An adder (D:2)
  2 bats (D:1)
  3 endoplasms (D:1)
  A giant cockroach (D:1)
  A goblin (D:1)
  A hobgoblin (D:1)
  2 jackals (D:1)
  2 quokkas
  4 ball pythons (D:1)
  2 frilled lizards (D:1)
  A kobold (D:1)
20 creatures vanquished.

Notes
Turn   | Place    | Note
-------+----------+-------------------------------------------
     0 | D:1      | Flugkiller the Minotaur Fighter began the quest for the
                  | Orb.
     0 | D:1      | Reached XP level 1. HP: 19/19 MP: 0/0
   207 | D:1      | Reached XP level 2. HP: 27/27 MP: 1/1
   717 | D:1      | Found a faded altar of an unknown god.
   869 | D:2      | Reached XP level 3. HP: 20/33 MP: 2/2
   906 | D:1      | Prayed at the altar of an unknown god.
   906 | D:1      | Became a worshipper of Ashenzari the Shackled
   907 | D:1      | Quit the game

Illustrated notes

Levels and vault maps discovered:
D:1:      dpeg_arrival_round_b, layout_basic,
          hellmonk_ecumenical_altar_dog_temple, dreamdust_princess_corridor,
          minmay_misc_feat_enclosed
D:2:      layout_rooms, basic_altar

Skill      XL: |  1  2 |
---------------+-------+-----
Axes           | 3 |  3.5
Fighting       | 4 |  4.0
Armour         | 4 |  4.0
Shields        | |  3.6

Action                   || total
-------------------------++-------
Melee: War axe           ||    39
       Headbutt          ||     2
Armor: Scale mail        ||    18
Dodge: Dodged            ||    25
Block: Buckler           ||    10
